[ AOE2 MATCH · #469843709 ]
UnrankedSlavs vs Vikings
[ REPLAY ANALYSIS · EXTRACTED FROM THE RECORDED GAME ]
Feudal
9:04
Castle
19:57
Imperial
—
| APM avg | 69.8 |
| APM peak | 110 |
| eAPM avg | 29.0 |
| Villagers / military | 57 / 17 |
Focus
⚔️ 26.2% · 🌾 73.8%
Knight ×9 · Scout Cavalry ×8
Feudal
8:51
Castle
—
Imperial
—
| APM avg | 30.1 |
| APM peak | 87 |
| eAPM avg | 11.7 |
| Villagers / military | 40 / 6 |
Focus
⚔️ 17.4% · 🌾 82.6%
Scout Cavalry ×6 · Fishing Ship ×4
Feudal
10:31
Castle
14:56
Imperial
—
| APM avg | 37.7 |
| APM peak | 60 |
| eAPM avg | 21.0 |
| Villagers / military | 69 / 11 |
Focus
⚔️ 32.5% · 🌾 67.5%
Longboat ×11
Feudal
11:23
Castle
18:09
Imperial
—
| APM avg | 76.0 |
| APM peak | 122 |
| eAPM avg | 31.9 |
| Villagers / military | 57 / 12 |
Focus
⚔️ 46.6% · 🌾 53.4%
Bolas Rider ×8 · Spearman ×3 · Unknown (2550) ×2 · Skirmisher ×1
Feudal
10:34
Castle
15:29
Imperial
—
| APM avg | 41.8 |
| APM peak | 77 |
| eAPM avg | 14.8 |
| Villagers / military | 57 / 14 |
Focus
⚔️ 32.5% · 🌾 67.5%
Cavalry Archer ×13 · Monk ×1
Feudal
8:27
Castle
22:16
Imperial
—
| APM avg | 41.5 |
| APM peak | 80 |
| eAPM avg | 14.2 |
| Villagers / military | 46 / 22 |
Focus
⚔️ 35.7% · 🌾 64.3%
Scout Cavalry ×21 · Spearman ×1
Feudal
10:37
Castle
14:51
Imperial
—
| APM avg | 58.9 |
| APM peak | 112 |
| eAPM avg | 23.1 |
| Villagers / military | 51 / 11 |
Focus
⚔️ 27.4% · 🌾 72.6%
Archer ×11
Feudal
11:24
Castle
15:12
Imperial
—
| APM avg | 40.4 |
| APM peak | 64 |
| eAPM avg | 19.8 |
| Villagers / military | 80 / 0 |
Focus
⚔️ 26.2% · 🌾 73.8%
Match map
Initial resources + every placement click. Lines = walls · curves = elevation contours. ◆ gold · ⬟ stone · ● berries · ✦ relic · ◌ wall gap
Your base· Open — unwalled flank
Mau5's base· Open — unwalled flank
Evan's base· Open — unwalled flank
Mhey's base· Open — 6t gap
murkbey's base· Open — unwalled flank
d's base· Open — 1t gap
ChauNg's base· Open — unwalled flank
tokmakbaba's base· Open — 9t gap
Smoothed initial terrain · ◌ = detected wall gap · hover for details
Inputs per minute
— 虎蹲压制大脑喷气代替思考敌人不倒我倒 - - Mau5
Build order — 虎蹲压制大脑喷气代替思考敌人不倒我倒
139 actions detected in the replay
| 0:02 | Create | Villager (Male) |
| 0:02 | Create | Villager (Male) |
| 0:02 | Create | Villager (Male) |
| 0:02 | Create | Villager (Male) |
| 0:02 | Create | Villager (Male) |
| 0:04 | Build | House |
| 0:04 | Build | House |
| 1:31 | Create | Villager (Male) |
| 1:31 | Create | Villager (Male) |
| 2:01 | Create | Villager (Male) |
| 2:02 | Create | Villager (Male) |
| 2:22 | Create | Villager (Male) |
| 2:22 | Create | Villager (Male) |
| 2:47 | Create | Villager (Male) |
| 3:05 | Create | Villager (Male) |
| 3:05 | Create | Villager (Male) |
| 3:07 | Build | Lumber Camp |
| 3:39 | Create | Villager (Male) |
| 3:39 | Create | Villager (Male) |
| 4:00 | Build | House |
| 4:08 | Build | House |
| 4:18 | Create | Villager (Male) |
| 4:18 | Create | Villager (Male) |
| 4:18 | Create | Villager (Male) |
| 4:46 | Build | House |
| 5:28 | Build | Mill |
| 5:45 | Research | Loom |
| 5:53 | Create | Villager (Male) |
| 5:53 | Research | Loom |
| 6:54 | Research | Feudal Age |
| 6:54 | Research | Feudal Age |
| 7:32 | Build | House |
| 7:51 | Build | Barracks |
| 8:53 | Create | Villager (Male) |
| 9:04 | Age | Feudal Age |
| 9:07 | Build | Stable |
| 9:11 | Create | Villager (Male) |
| 9:13 | Research | Double-Bit Axe |
| 9:13 | Research | Double-Bit Axe |
| 9:35 | Create | Villager (Male) |
| 9:38 | Build | House |
| 9:42 | Create | Villager (Male) |
| 9:51 | Create | Scout Cavalry |
| 9:51 | Create | Scout Cavalry |
| 10:10 | Create | Villager (Male) |
| 10:11 | Build | Farm |
| 10:34 | Build | Farm |
| 10:38 | Build | House |
| 10:46 | Create | Scout Cavalry |
| 10:48 | Build | Farm |
| 10:59 | Create | Villager (Male) |
| 11:20 | Create | Villager (Male) |
| 11:21 | Build | Farm |
| 11:23 | Build | Farm |
| 11:27 | Create | Scout Cavalry |
| 11:27 | Create | Scout Cavalry |
| 11:29 | Create | Villager (Male) |
| 11:35 | Build | House |
| 11:45 | Create | Villager (Male) |
| 11:56 | Build | Farm |
| 12:11 | Create | Villager (Male) |
| 12:18 | Create | Villager (Male) |
| 12:21 | Build | Farm |
| 12:22 | Create | Villager (Male) |
| 12:34 | Create | Scout Cavalry |
| 12:34 | Create | Scout Cavalry |
| 12:35 | Create | Villager (Male) |
| 12:37 | Build | House |
| 12:47 | Create | Villager (Male) |
| 12:51 | Research | Horse Collar |
| 12:51 | Research | Horse Collar |
| 12:55 | Create | Villager (Male) |
| 12:57 | Build | Farm |
| 13:00 | Build | House |
| 13:15 | Create | Villager (Male) |
| 13:30 | Create | Scout Cavalry |
| 13:41 | Build | House |
| 13:43 | Build | Palisade Wall |
| 13:55 | Create | Villager (Male) |
| 13:57 | Build | Farm |
| 14:09 | Create | Villager (Male) |
| 14:11 | Build | Farm |
| 14:12 | Build | Farm |
| 14:32 | Create | Villager (Male) |
| 14:36 | Build | Farm |
| 14:37 | Create | Villager (Male) |
| 14:41 | Research | Wheelbarrow |
| 14:45 | Build | Mining Camp |
| 15:14 | Build | Blacksmith |
| 15:50 | Build | Farm |
| 15:52 | Create | Villager (Male) |
| 16:15 | Build | House |
| 16:35 | Create | Villager (Male) |
| 17:17 | Research | Castle Age |
| 17:17 | Research | Castle Age |
| 17:28 | Create | Villager (Male) |
| 17:43 | Research | Gold Mining |
| 17:47 | Build | Stable |
| 17:55 | Build | Lumber Camp |
| 17:58 | Research | Bloodlines |
| 18:03 | Build | Farm |
| 18:06 | Create | Villager (Male) |
| 18:14 | Build | House |
| 18:27 | Research | Scale Barding Armor |
| 18:35 | Create | Villager (Male) |
| 19:32 | Create | Villager (Male) |
| 19:57 | Age | Castle Age |
| 20:00 | Build | Town Center |
| 20:01 | Research | Chain Barding Armor |
| 20:03 | Research | Husbandry |
| 20:04 | Create | Knight |
| 20:06 | Create | Knight |
| 20:08 | Create | Villager (Male) |
| 20:18 | Build | Farm |
| 20:28 | Create | Knight |
| 20:36 | Create | Knight |
| 20:37 | Create | Villager (Male) |
| 20:51 | Create | Knight |
| 20:58 | Create | Villager (Male) |
| 20:59 | Build | Farm |
| 21:02 | Create | Villager (Male) |
| 21:22 | Create | Knight |
| 21:27 | Build | Palisade Gate |
| 21:30 | Create | Knight |
| 21:35 | Research | Forging |
| 21:35 | Create | Villager (Male) |
| 21:36 | Create | Villager (Male) |
| 21:36 | Build | Farm |
| 21:40 | Create | Villager (Male) |
| 21:41 | Create | Villager (Male) |
| 21:59 | Create | Villager (Male) |
| 22:03 | Build | Farm |
| 22:08 | Create | Knight |
| 22:15 | Create | Villager (Male) |
| 22:15 | Create | Villager (Male) |
| 22:16 | Build | Farm |
| 22:31 | Create | Knight |
| 22:36 | Build | Farm |
| 22:37 | Build | Farm |
Build order — Mau5
103 actions detected in the replay
| 0:01 | Create | Villager (Male) |
| 0:01 | Create | Villager (Male) |
| 0:02 | Create | Villager (Male) |
| 0:02 | Build | House |
| 0:03 | Build | House |
| 0:22 | Create | Villager (Male) |
| 0:22 | Create | Villager (Male) |
| 1:24 | Create | Villager (Male) |
| 1:24 | Create | Villager (Male) |
| 2:02 | Create | Villager (Male) |
| 2:03 | Create | Villager (Male) |
| 2:17 | Create | Villager (Male) |
| 2:18 | Create | Villager (Male) |
| 2:37 | Create | Villager (Male) |
| 2:38 | Create | Villager (Male) |
| 2:40 | Build | Lumber Camp |
| 2:50 | Create | Villager (Male) |
| 2:50 | Create | Villager (Male) |
| 2:50 | Create | Villager (Male) |
| 3:11 | Create | Villager (Male) |
| 3:11 | Create | Villager (Male) |
| 3:39 | Create | Villager (Male) |
| 3:39 | Create | Villager (Male) |
| 3:39 | Create | Villager (Male) |
| 4:03 | Build | House |
| 4:26 | Create | Villager (Male) |
| 5:04 | Build | Mill |
| 5:16 | Create | Villager (Male) |
| 5:16 | Create | Villager (Male) |
| 5:17 | Create | Villager (Male) |
| 5:18 | Create | Villager (Male) |
| 6:30 | Research | Feudal Age |
| 6:30 | Research | Feudal Age |
| 6:30 | Research | Feudal Age |
| 6:45 | Research | Loom |
| 7:25 | Build | Dock |
| 8:15 | Create | Villager (Male) |
| 8:17 | Build | Lumber Camp |
| 8:25 | Create | Villager (Male) |
| 8:29 | Build | House |
| 8:44 | Build | Barracks |
| 8:50 | Create | Fishing Ship |
| 8:50 | Create | Fishing Ship |
| 8:51 | Age | Feudal Age |
| 8:58 | Create | Villager (Male) |
| 9:04 | Create | Fishing Ship |
| 9:48 | Build | Stable |
| 10:12 | Create | Villager (Male) |
| 10:30 | Create | Villager (Male) |
| 10:35 | Create | Scout Cavalry |
| 10:35 | Create | Scout Cavalry |
| 10:56 | Research | Double-Bit Axe |
| 11:06 | Research | Horse Collar |
| 11:06 | Research | Horse Collar |
| 11:28 | Build | Mining Camp |
| 11:31 | Create | Villager (Male) |
| 11:33 | Build | Blacksmith |
| 11:51 | Create | Scout Cavalry |
| 11:53 | Create | Villager (Male) |
| 12:12 | Create | Villager (Male) |
| 12:14 | Create | Scout Cavalry |
| 12:14 | Create | Scout Cavalry |
| 12:14 | Create | Scout Cavalry |
| 12:15 | Create | Fishing Ship |
| 12:39 | Create | Villager (Male) |
| 12:48 | Build | House |
| 12:49 | Build | House |
| 12:50 | Build | House |
| 13:06 | Build | Farm |
| 13:06 | Build | Farm |
| 13:06 | Build | Farm |
| 13:06 | Build | Farm |
| 13:06 | Build | Farm |
| 13:07 | Build | Farm |
| 13:40 | Build | Farm |
| 13:41 | Create | Villager (Male) |
| 14:17 | Create | Villager (Male) |
| 14:17 | Create | Villager (Male) |
| 14:19 | Build | Farm |
| 14:20 | Build | Farm |
| 14:22 | Build | Farm |
| 14:26 | Create | Villager (Male) |
| 14:53 | Build | Farm |
| 14:53 | Build | Farm |
| 14:53 | Build | Farm |
| 14:55 | Build | Farm |
| 15:08 | Build | Farm |
| 15:09 | Build | Farm |
| 15:11 | Build | Farm |
| 15:27 | Build | House |
| 15:28 | Build | House |
| 15:29 | Build | House |
| 15:45 | Build | Palisade Gate |
| 15:51 | Create | Villager (Male) |
| 16:21 | Build | House |
| 16:30 | Build | Palisade Wall |
| 16:37 | Research | Castle Age |
| 16:37 | Research | Castle Age |
| 16:40 | Build | Farm |
| 16:57 | Build | House |
| 17:18 | Research | Bloodlines |
| 17:18 | Research | Bloodlines |
| 17:28 | Build | Stable |
Build order — Evan
First 150 of 157 actions detected
| 0:00 | Create | Villager (Male) |
| 0:01 | Create | Villager (Male) |
| 0:01 | Create | Villager (Male) |
| 0:01 | Create | Villager (Male) |
| 0:02 | Build | House |
| 0:04 | Build | House |
| 1:18 | Create | Villager (Male) |
| 1:48 | Build | Lumber Camp |
| 1:54 | Create | Villager (Male) |
| 1:54 | Create | Villager (Male) |
| 2:30 | Create | Villager (Male) |
| 2:42 | Create | Villager (Male) |
| 2:42 | Create | Villager (Male) |
| 3:01 | Build | House |
| 3:04 | Build | House |
| 3:15 | Create | Villager (Male) |
| 3:44 | Create | Villager (Male) |
| 3:44 | Create | Villager (Male) |
| 4:15 | Create | Villager (Male) |
| 4:29 | Create | Villager (Male) |
| 4:29 | Create | Villager (Male) |
| 5:49 | Create | Villager (Male) |
| 5:49 | Create | Villager (Male) |
| 6:02 | Build | Mining Camp |
| 6:10 | Create | Villager (Male) |
| 6:48 | Build | Mill |
| 7:02 | Create | Villager (Male) |
| 7:03 | Create | Villager (Male) |
| 7:41 | Create | Villager (Male) |
| 8:11 | Research | Feudal Age |
| 8:11 | Research | Feudal Age |
| 8:13 | Build | House |
| 8:46 | Create | Villager (Male) |
| 8:46 | Create | Villager (Male) |
| 9:11 | Build | Farm |
| 9:11 | Build | Farm |
| 9:50 | Build | Farm |
| 9:56 | Research | Loom |
| 10:31 | Age | Feudal Age |
| 10:35 | Build | Blacksmith |
| 10:52 | Build | Farm |
| 11:27 | Build | Market |
| 11:41 | Create | Villager (Male) |
| 12:10 | Build | Lumber Camp |
| 12:16 | Research | Castle Age |
| 12:16 | Research | Castle Age |
| 12:26 | Build | House |
| 12:28 | Build | House |
| 12:44 | Research | Double-Bit Axe |
| 12:44 | Research | Double-Bit Axe |
| 13:19 | Create | Villager (Male) |
| 13:22 | Research | Horse Collar |
| 13:22 | Research | Horse Collar |
| 13:35 | Build | House |
| 14:27 | Build | Palisade Wall |
| 14:53 | Create | Villager (Male) |
| 14:56 | Age | Castle Age |
| 14:59 | Build | Dock |
| 15:12 | Build | Palisade Wall |
| 15:14 | Build | Palisade Wall |
| 15:15 | Build | Palisade Wall |
| 15:20 | Build | Farm |
| 15:21 | Build | Farm |
| 15:22 | Create | Villager (Male) |
| 15:25 | Build | Town Center |
| 15:31 | Build | Farm |
| 15:32 | Build | Farm |
| 15:33 | Create | Villager (Male) |
| 15:49 | Build | Town Center |
| 15:50 | Create | Villager (Male) |
| 16:01 | Build | Dock |
| 16:06 | Create | Villager (Male) |
| 16:27 | Create | Longboat |
| 16:27 | Create | Longboat |
| 16:31 | Create | Villager (Male) |
| 16:33 | Build | Farm |
| 16:33 | Build | Farm |
| 16:39 | Create | Villager (Male) |
| 16:41 | Create | Longboat |
| 16:56 | Create | Villager (Male) |
| 17:07 | Build | Palisade Wall |
| 17:18 | Create | Villager (Male) |
| 17:20 | Create | Villager (Male) |
| 17:21 | Create | Villager (Male) |
| 17:24 | Build | Farm |
| 17:25 | Build | Farm |
| 17:29 | Build | Farm |
| 17:30 | Build | Farm |
| 17:33 | Create | Villager (Male) |
| 17:36 | Build | Farm |
| 17:36 | Build | Farm |
| 17:49 | Create | Villager (Male) |
| 17:51 | Create | Villager (Male) |
| 17:52 | Build | Farm |
| 17:56 | Build | Farm |
| 18:11 | Create | Villager (Male) |
| 18:14 | Build | Farm |
| 18:16 | Build | Farm |
| 18:18 | Build | Farm |
| 18:36 | Build | Farm |
| 18:37 | Build | Farm |
| 18:38 | Create | Villager (Male) |
| 18:39 | Create | Villager (Male) |
| 18:41 | Create | Villager (Male) |
| 18:41 | Create | Villager (Male) |
| 18:43 | Create | Longboat |
| 18:44 | Create | Longboat |
| 19:02 | Create | Villager (Male) |
| 19:05 | Create | Villager (Male) |
| 19:06 | Build | Farm |
| 19:09 | Create | Villager (Male) |
| 19:22 | Create | Longboat |
| 19:24 | Research | Bow Saw |
| 19:24 | Research | Bow Saw |
| 19:24 | Create | Villager (Male) |
| 19:28 | Build | Lumber Camp |
| 19:31 | Build | Farm |
| 19:33 | Create | Villager (Male) |
| 19:42 | Create | Villager (Male) |
| 19:48 | Create | Villager (Male) |
| 20:07 | Create | Villager (Male) |
| 20:09 | Build | House |
| 20:10 | Build | House |
| 20:13 | Build | House |
| 20:20 | Create | Villager (Male) |
| 20:21 | Build | Farm |
| 20:24 | Research | Gold Mining |
| 20:29 | Create | Villager (Male) |
| 20:32 | Build | House |
| 20:37 | Create | Villager (Male) |
| 20:38 | Create | Longboat |
| 20:44 | Build | Farm |
| 20:50 | Create | Villager (Male) |
| 20:51 | Build | Farm |
| 20:55 | Build | House |
| 20:58 | Create | Longboat |
| 21:01 | Create | Longboat |
| 21:04 | Create | Villager (Male) |
| 21:04 | Build | Farm |
| 21:10 | Create | Villager (Male) |
| 21:26 | Create | Villager (Male) |
| 21:30 | Build | University |
| 21:32 | Create | Villager (Male) |
| 21:34 | Build | House |
| 21:38 | Create | Villager (Male) |
| 21:40 | Research | Fletching |
| 21:49 | Create | Longboat |
| 21:49 | Create | Villager (Male) |
| 21:55 | Create | Villager (Male) |
| 21:56 | Create | Longboat |
Build order — Mhey
127 actions detected in the replay
| 0:02 | Create | Villager (Male) |
| 0:02 | Create | Villager (Male) |
| 0:02 | Create | Villager (Male) |
| 0:03 | Build | House |
| 0:11 | Build | House |
| 0:12 | Create | Villager (Male) |
| 1:22 | Create | Villager (Male) |
| 1:59 | Build | Settlement |
| 2:02 | Create | Villager (Male) |
| 2:03 | Create | Villager (Male) |
| 2:32 | Create | Villager (Male) |
| 2:32 | Create | Villager (Male) |
| 2:45 | Build | Settlement |
| 2:57 | Create | Villager (Male) |
| 3:19 | Create | Villager (Male) |
| 3:48 | Create | Villager (Male) |
| 4:05 | Create | Villager (Male) |
| 4:29 | Create | Villager (Male) |
| 4:41 | Create | Villager (Male) |
| 4:41 | Create | Villager (Male) |
| 4:48 | Build | House |
| 5:02 | Create | Villager (Male) |
| 5:03 | Create | Villager (Male) |
| 5:27 | Build | Palisade Wall |
| 5:30 | Create | Villager (Male) |
| 5:46 | Create | Villager (Male) |
| 5:46 | Create | Villager (Male) |
| 6:33 | Create | Villager (Male) |
| 6:33 | Create | Villager (Male) |
| 6:50 | Create | Villager (Male) |
| 6:50 | Create | Villager (Male) |
| 7:05 | Create | Villager (Male) |
| 7:20 | Create | Villager (Male) |
| 7:38 | Build | House |
| 8:00 | Create | Villager (Male) |
| 8:00 | Create | Villager (Male) |
| 8:00 | Create | Villager (Male) |
| 8:01 | Create | Villager (Male) |
| 8:01 | Create | Villager (Male) |
| 8:19 | Build | House |
| 8:28 | Research | Loom |
| 8:28 | Research | Loom |
| 8:49 | Research | Feudal Age |
| 9:04 | Build | Barracks |
| 9:37 | Build | Settlement |
| 10:20 | Create | Unit 2550 |
| 10:20 | Create | Unit 2550 |
| 10:36 | Build | Farm |
| 10:38 | Build | Farm |
| 10:57 | Build | House |
| 11:12 | Build | Farm |
| 11:19 | Build | Farm |
| 11:21 | Create | Villager (Male) |
| 11:23 | Age | Feudal Age |
| 11:30 | Build | Archery Range |
| 11:35 | Research | Tech 1402 |
| 11:46 | Create | Spearman |
| 11:51 | Build | Farm |
| 11:58 | Build | Blacksmith |
| 12:07 | Build | Farm |
| 12:09 | Create | Villager (Male) |
| 12:30 | Create | Villager (Male) |
| 12:31 | Create | Villager (Male) |
| 12:35 | Build | Settlement |
| 13:12 | Create | Villager (Male) |
| 13:17 | Build | House |
| 13:28 | Build | Farm |
| 13:30 | Build | Farm |
| 13:31 | Build | House |
| 14:01 | Create | Spearman |
| 14:12 | Build | Palisade Wall |
| 14:13 | Build | Palisade Wall |
| 14:40 | Create | Villager (Male) |
| 14:44 | Build | Farm |
| 15:00 | Build | Market |
| 15:29 | Research | Castle Age |
| 15:30 | Research | Castle Age |
| 15:55 | Build | Archery Range |
| 16:06 | Build | Palisade Wall |
| 16:11 | Build | Palisade Wall |
| 16:13 | Build | Palisade Wall |
| 16:18 | Create | Spearman |
| 16:31 | Create | Skirmisher |
| 16:34 | Research | Double-Bit Axe |
| 16:34 | Research | Double-Bit Axe |
| 16:46 | Research | Horse Collar |
| 16:46 | Research | Horse Collar |
| 17:16 | Build | Palisade Wall |
| 17:48 | Build | Settlement |
| 18:09 | Age | Castle Age |
| 18:13 | Create | Bolas Rider |
| 18:13 | Create | Bolas Rider |
| 18:17 | Build | Palisade Wall |
| 18:20 | Build | Palisade Wall |
| 18:30 | Create | Villager (Male) |
| 18:31 | Create | Villager (Male) |
| 18:40 | Build | Palisade Wall |
| 18:56 | Create | Bolas Rider |
| 18:56 | Create | Bolas Rider |
| 19:27 | Build | Town Center |
| 19:46 | Create | Villager (Male) |
| 19:47 | Create | Villager (Male) |
| 19:47 | Create | Villager (Male) |
| 20:16 | Create | Bolas Rider |
| 20:16 | Create | Bolas Rider |
| 20:25 | Create | Bolas Rider |
| 20:25 | Create | Bolas Rider |
| 20:26 | Create | Villager (Male) |
| 20:27 | Create | Villager (Male) |
| 20:41 | Research | Bow Saw |
| 20:42 | Research | Bow Saw |
| 20:59 | Create | Villager (Male) |
| 21:07 | Build | Farm |
| 21:09 | Create | Villager (Male) |
| 21:09 | Create | Villager (Male) |
| 21:30 | Research | Fletching |
| 21:31 | Research | Fletching |
| 21:31 | Research | Padded Archer Armor |
| 21:35 | Create | Villager (Male) |
| 21:36 | Create | Villager (Male) |
| 21:36 | Create | Villager (Male) |
| 21:45 | Create | Villager (Male) |
| 21:45 | Create | Villager (Male) |
| 21:45 | Create | Villager (Male) |
| 21:55 | Create | Villager (Male) |
| 21:55 | Create | Villager (Male) |
| 21:55 | Create | Villager (Male) |
Build order — murkbey
141 actions detected in the replay
| 0:01 | Create | Villager (Male) |
| 0:01 | Create | Villager (Male) |
| 0:01 | Create | Villager (Male) |
| 0:02 | Create | Villager (Male) |
| 0:02 | Build | House |
| 0:03 | Build | House |
| 1:24 | Create | Villager (Male) |
| 1:24 | Create | Villager (Male) |
| 1:24 | Create | Villager (Male) |
| 1:47 | Build | Lumber Camp |
| 1:52 | Create | Villager (Male) |
| 1:52 | Create | Villager (Male) |
| 2:16 | Create | Villager (Male) |
| 2:16 | Create | Villager (Male) |
| 2:16 | Create | Villager (Male) |
| 2:30 | Create | Villager (Male) |
| 2:31 | Create | Villager (Male) |
| 3:15 | Create | Villager (Male) |
| 3:15 | Create | Villager (Male) |
| 3:16 | Build | House |
| 3:42 | Create | Villager (Male) |
| 3:42 | Create | Villager (Male) |
| 3:42 | Create | Villager (Male) |
| 4:03 | Create | Villager (Male) |
| 4:03 | Create | Villager (Male) |
| 4:13 | Create | Villager (Male) |
| 4:13 | Create | Villager (Male) |
| 4:27 | Create | Villager (Male) |
| 4:27 | Create | Villager (Male) |
| 4:39 | Create | Villager (Male) |
| 4:39 | Create | Villager (Male) |
| 5:09 | Build | Lumber Camp |
| 5:10 | Create | Villager (Male) |
| 5:11 | Create | Villager (Male) |
| 5:12 | Build | House |
| 5:41 | Create | Villager (Male) |
| 5:41 | Create | Villager (Male) |
| 5:41 | Create | Villager (Male) |
| 6:03 | Build | Mill |
| 6:09 | Create | Villager (Male) |
| 6:35 | Create | Villager (Male) |
| 6:54 | Build | House |
| 7:32 | Build | House |
| 7:38 | Build | Mining Camp |
| 7:42 | Build | Mining Camp |
| 7:47 | Create | Villager (Male) |
| 7:56 | Build | Palisade Wall |
| 7:57 | Build | Palisade Wall |
| 8:24 | Research | Feudal Age |
| 8:25 | Research | Feudal Age |
| 8:34 | Build | Barracks |
| 9:17 | Create | Villager (Male) |
| 9:37 | Build | House |
| 9:43 | Build | Palisade Wall |
| 9:45 | Build | Palisade Wall |
| 9:55 | Build | Palisade Wall |
| 10:13 | Build | House |
| 10:19 | Research | Loom |
| 10:34 | Age | Feudal Age |
| 10:38 | Build | Blacksmith |
| 10:42 | Build | Archery Range |
| 11:07 | Build | Palisade Wall |
| 11:11 | Build | Palisade Wall |
| 11:11 | Build | Palisade Wall |
| 11:15 | Build | Palisade Wall |
| 11:18 | Create | Villager (Male) |
| 11:49 | Create | Villager (Male) |
| 12:05 | Build | Palisade Wall |
| 12:15 | Build | Farm |
| 12:16 | Build | Farm |
| 12:16 | Build | Farm |
| 12:16 | Build | Farm |
| 12:16 | Build | Farm |
| 12:17 | Build | Farm |
| 12:49 | Research | Castle Age |
| 13:18 | Build | Farm |
| 13:18 | Build | Farm |
| 14:01 | Research | Double-Bit Axe |
| 14:42 | Build | Archery Range |
| 14:51 | Research | Fletching |
| 14:52 | Research | Fletching |
| 15:03 | Research | Gold Mining |
| 15:11 | Create | Villager (Male) |
| 15:11 | Create | Villager (Male) |
| 15:11 | Create | Villager (Male) |
| 15:29 | Age | Castle Age |
| 15:34 | Create | Cavalry Archer |
| 15:41 | Create | Cavalry Archer |
| 15:46 | Create | Villager (Male) |
| 16:05 | Create | Cavalry Archer |
| 16:05 | Create | Cavalry Archer |
| 16:05 | Create | Cavalry Archer |
| 16:12 | Create | Villager (Male) |
| 16:18 | Build | Palisade Gate |
| 16:24 | Build | Farm |
| 16:44 | Build | Palisade Wall |
| 16:58 | Create | Villager (Male) |
| 17:04 | Build | Farm |
| 17:04 | Build | Farm |
| 17:04 | Build | Farm |
| 17:05 | Build | Farm |
| 17:17 | Build | Monastery |
| 17:24 | Research | Town Watch |
| 17:28 | Build | Outpost |
| 17:38 | Build | Outpost |
| 17:42 | Create | Cavalry Archer |
| 17:42 | Create | Cavalry Archer |
| 17:44 | Research | Padded Archer Armor |
| 17:49 | Create | Villager (Male) |
| 18:07 | Research | Bodkin Arrow |
| 18:07 | Research | Bodkin Arrow |
| 18:12 | Create | Villager (Male) |
| 18:20 | Build | Farm |
| 18:29 | Create | Villager (Male) |
| 18:56 | Create | Villager (Male) |
| 18:59 | Create | Cavalry Archer |
| 18:59 | Create | Cavalry Archer |
| 19:04 | Build | House |
| 19:07 | Build | Farm |
| 19:08 | Create | Villager (Male) |
| 19:17 | Build | Town Center |
| 19:27 | Create | Cavalry Archer |
| 19:27 | Create | Cavalry Archer |
| 19:35 | Research | Padded Archer Armor |
| 19:37 | Create | Villager (Male) |
| 20:01 | Create | Villager (Male) |
| 20:19 | Create | Cavalry Archer |
| 20:19 | Create | Cavalry Archer |
| 20:23 | Build | House |
| 20:35 | Create | Villager (Male) |
| 20:35 | Create | Villager (Male) |
| 20:42 | Build | University |
| 21:01 | Research | Wheelbarrow |
| 21:03 | Create | Monk |
| 21:09 | Create | Villager (Male) |
| 21:10 | Create | Villager (Male) |
| 21:17 | Build | Stable |
| 21:29 | Build | Farm |
| 22:03 | Research | Ballistics |
| 22:08 | Create | Villager (Male) |
| 22:08 | Create | Villager (Male) |
Build order — d
126 actions detected in the replay
| 0:02 | Create | Villager (Male) |
| 0:02 | Create | Villager (Male) |
| 0:03 | Build | House |
| 0:04 | Build | House |
| 0:15 | Create | Villager (Male) |
| 0:15 | Create | Villager (Male) |
| 0:15 | Create | Villager (Male) |
| 1:36 | Create | Villager (Male) |
| 1:47 | Build | Lumber Camp |
| 2:04 | Create | Villager (Male) |
| 2:30 | Create | Villager (Male) |
| 2:52 | Create | Villager (Male) |
| 2:52 | Create | Villager (Male) |
| 3:15 | Create | Villager (Male) |
| 3:15 | Create | Villager (Male) |
| 3:23 | Build | House |
| 3:30 | Create | Villager (Male) |
| 3:48 | Create | Villager (Male) |
| 4:07 | Create | Villager (Male) |
| 4:53 | Create | Villager (Male) |
| 4:53 | Create | Villager (Male) |
| 4:54 | Create | Villager (Male) |
| 5:14 | Build | Mill |
| 5:35 | Create | Villager (Male) |
| 6:17 | Research | Feudal Age |
| 7:31 | Build | House |
| 7:50 | Build | Barracks |
| 8:26 | Create | Villager (Male) |
| 8:27 | Age | Feudal Age |
| 8:31 | Create | Villager (Male) |
| 8:34 | Research | Double-Bit Axe |
| 8:37 | Research | Tech 1014 |
| 8:37 | Research | Tech 1014 |
| 8:50 | Build | Stable |
| 8:55 | Create | Villager (Male) |
| 8:57 | Research | Double-Bit Axe |
| 8:57 | Research | Double-Bit Axe |
| 9:14 | Build | House |
| 9:37 | Create | Scout Cavalry |
| 9:40 | Create | Villager (Male) |
| 9:43 | Build | House |
| 9:49 | Build | Palisade Wall |
| 10:02 | Create | Scout Cavalry |
| 10:08 | Build | Pasture |
| 10:16 | Create | Villager (Male) |
| 10:33 | Create | Villager (Male) |
| 10:38 | Build | Pasture |
| 10:52 | Create | Scout Cavalry |
| 10:59 | Create | Villager (Male) |
| 11:05 | Build | Pasture |
| 11:22 | Create | Scout Cavalry |
| 11:28 | Create | Villager (Male) |
| 11:34 | Build | House |
| 11:49 | Create | Scout Cavalry |
| 11:51 | Create | Villager (Male) |
| 12:22 | Create | Villager (Male) |
| 12:23 | Create | Scout Cavalry |
| 12:29 | Build | Pasture |
| 12:39 | Create | Villager (Male) |
| 12:49 | Create | Scout Cavalry |
| 12:55 | Build | Blacksmith |
| 13:11 | Create | Villager (Male) |
| 13:12 | Create | Scout Cavalry |
| 13:28 | Create | Villager (Male) |
| 13:44 | Research | Forging |
| 13:44 | Research | Forging |
| 13:47 | Create | Villager (Male) |
| 13:52 | Create | Scout Cavalry |
| 14:12 | Build | House |
| 14:15 | Build | Pasture |
| 14:29 | Build | Lumber Camp |
| 14:32 | Create | Villager (Male) |
| 14:34 | Create | Scout Cavalry |
| 14:50 | Create | Villager (Male) |
| 14:51 | Create | Scout Cavalry |
| 14:54 | Create | Spearman |
| 15:19 | Create | Villager (Male) |
| 15:26 | Build | House |
| 15:34 | Create | Scout Cavalry |
| 15:38 | Build | Mining Camp |
| 15:41 | Build | Pasture |
| 15:44 | Build | Pasture |
| 15:52 | Create | Scout Cavalry |
| 15:58 | Create | Villager (Male) |
| 16:00 | Build | House |
| 16:02 | Create | Villager (Male) |
| 16:05 | Build | Pasture |
| 16:13 | Build | Pasture |
| 16:16 | Create | Scout Cavalry |
| 16:47 | Create | Villager (Male) |
| 16:49 | Build | House |
| 16:58 | Create | Scout Cavalry |
| 17:05 | Build | Lumber Camp |
| 17:14 | Build | Pasture |
| 17:19 | Create | Villager (Male) |
| 17:26 | Build | Pasture |
| 17:29 | Create | Villager (Male) |
| 17:33 | Research | Loom |
| 17:34 | Research | Loom |
| 17:34 | Research | Wheelbarrow |
| 17:50 | Create | Scout Cavalry |
| 18:06 | Build | Pasture |
| 18:30 | Create | Villager (Male) |
| 18:50 | Build | Stable |
| 19:36 | Research | Castle Age |
| 19:36 | Research | Castle Age |
| 20:20 | Research | Gold Mining |
| 20:21 | Research | Gold Mining |
| 20:33 | Create | Scout Cavalry |
| 20:36 | Research | Scale Barding Armor |
| 20:36 | Research | Scale Barding Armor |
| 21:11 | Create | Scout Cavalry |
| 21:11 | Create | Scout Cavalry |
| 21:49 | Create | Scout Cavalry |
| 21:50 | Create | Scout Cavalry |
| 21:52 | Create | Villager (Male) |
| 21:53 | Create | Villager (Male) |
| 22:15 | Create | Villager (Male) |
| 22:16 | Age | Castle Age |
| 22:21 | Research | Light Cavalry (upgrade) |
| 22:21 | Research | Husbandry |
| 22:21 | Research | Husbandry |
| 22:31 | Create | Villager (Male) |
| 22:32 | Research | Iron Casting |
| 22:32 | Research | Iron Casting |
| 22:38 | Build | Town Center |
Build order — ChauNg
144 actions detected in the replay
| 0:02 | Create | Villager (Male) |
| 0:03 | Create | Villager (Male) |
| 0:04 | Build | House |
| 0:05 | Build | House |
| 0:07 | Create | Villager (Male) |
| 0:07 | Create | Villager (Male) |
| 0:07 | Create | Villager (Male) |
| 1:38 | Create | Villager (Male) |
| 1:54 | Create | Villager (Male) |
| 2:22 | Research | Loom |
| 2:25 | Create | Villager (Male) |
| 2:25 | Create | Villager (Male) |
| 2:25 | Create | Villager (Male) |
| 2:47 | Build | Lumber Camp |
| 3:15 | Create | Villager (Male) |
| 3:15 | Create | Villager (Male) |
| 3:16 | Create | Villager (Male) |
| 3:29 | Build | House |
| 3:30 | Build | House |
| 3:38 | Build | House |
| 3:39 | Build | House |
| 4:06 | Create | Villager (Male) |
| 4:42 | Create | Villager (Male) |
| 4:42 | Create | Villager (Male) |
| 4:43 | Create | Villager (Male) |
| 4:43 | Create | Villager (Male) |
| 5:14 | Create | Villager (Male) |
| 5:14 | Create | Villager (Male) |
| 5:52 | Build | Mill |
| 6:45 | Create | Villager (Male) |
| 6:59 | Create | Villager (Male) |
| 7:26 | Create | Villager (Male) |
| 7:52 | Create | Villager (Male) |
| 8:04 | Research | Feudal Age |
| 8:04 | Research | Feudal Age |
| 8:13 | Build | Mining Camp |
| 10:14 | Create | Villager (Male) |
| 10:14 | Create | Villager (Male) |
| 10:37 | Age | Feudal Age |
| 10:39 | Build | Palisade Wall |
| 10:45 | Build | Barracks |
| 10:47 | Build | Palisade Wall |
| 10:52 | Build | Blacksmith |
| 10:54 | Create | Villager (Male) |
| 10:57 | Build | Palisade Wall |
| 10:58 | Build | Palisade Wall |
| 11:00 | Build | Palisade Wall |
| 11:01 | Build | Palisade Wall |
| 11:32 | Build | Archery Range |
| 12:11 | Research | Castle Age |
| 12:11 | Research | Castle Age |
| 12:41 | Research | Double-Bit Axe |
| 12:41 | Research | Double-Bit Axe |
| 12:42 | Research | Horse Collar |
| 12:42 | Research | Horse Collar |
| 13:05 | Build | House |
| 13:06 | Create | Archer |
| 13:06 | Create | Archer |
| 13:24 | Create | Archer |
| 13:57 | Build | Palisade Wall |
| 14:00 | Build | House |
| 14:07 | Research | Fletching |
| 14:18 | Build | Farm |
| 14:19 | Build | Farm |
| 14:19 | Build | Farm |
| 14:19 | Build | Farm |
| 14:24 | Build | Farm |
| 14:27 | Create | Villager (Male) |
| 14:29 | Create | Archer |
| 14:39 | Build | House |
| 14:51 | Age | Castle Age |
| 15:08 | Create | Villager (Male) |
| 15:21 | Build | Palisade Wall |
| 15:26 | Create | Villager (Male) |
| 15:43 | Build | Palisade Gate |
| 15:46 | Build | Palisade Wall |
| 15:47 | Create | Villager (Male) |
| 15:54 | Build | Palisade Wall |
| 15:58 | Build | Town Center |
| 16:03 | Research | Crossbowman (upgrade) |
| 16:03 | Research | Crossbowman (upgrade) |
| 16:12 | Build | Farm |
| 16:15 | Build | Palisade Wall |
| 16:16 | Build | Palisade Wall |
| 16:21 | Build | Palisade Wall |
| 16:22 | Build | Palisade Wall |
| 16:23 | Build | Palisade Wall |
| 16:34 | Create | Villager (Male) |
| 16:40 | Build | Palisade Wall |
| 16:44 | Build | Palisade Wall |
| 16:45 | Build | Palisade Wall |
| 16:49 | Create | Archer |
| 16:51 | Create | Villager (Male) |
| 16:53 | Build | Farm |
| 17:12 | Create | Villager (Male) |
| 17:13 | Create | Villager (Male) |
| 17:18 | Build | Farm |
| 17:21 | Build | Farm |
| 17:21 | Build | Farm |
| 17:28 | Create | Villager (Male) |
| 17:37 | Create | Archer |
| 17:43 | Create | Villager (Male) |
| 17:57 | Create | Archer |
| 18:03 | Create | Villager (Male) |
| 18:06 | Build | Farm |
| 18:18 | Create | Villager (Male) |
| 18:36 | Build | Town Center |
| 18:38 | Create | Villager (Male) |
| 18:43 | Build | Town Center |
| 18:49 | Create | Archer |
| 18:50 | Create | Villager (Male) |
| 19:15 | Create | Villager (Male) |
| 19:19 | Build | Farm |
| 19:22 | Build | Farm |
| 20:01 | Research | Bodkin Arrow |
| 20:01 | Research | Bodkin Arrow |
| 20:18 | Create | Archer |
| 20:20 | Create | Villager (Male) |
| 20:23 | Build | Farm |
| 20:24 | Build | Farm |
| 20:25 | Build | Farm |
| 20:26 | Build | Farm |
| 20:35 | Create | Archer |
| 20:36 | Create | Villager (Male) |
| 20:42 | Build | Mill |
| 20:43 | Build | Farm |
| 20:43 | Build | Farm |
| 20:43 | Build | Farm |
| 20:43 | Build | Farm |
| 20:43 | Build | Farm |
| 20:50 | Build | Farm |
| 20:52 | Create | Villager (Male) |
| 21:00 | Create | Archer |
| 21:01 | Create | Villager (Male) |
| 21:08 | Build | Farm |
| 21:38 | Create | Villager (Male) |
| 21:38 | Create | Villager (Male) |
| 21:43 | Build | Farm |
| 21:54 | Build | Farm |
| 21:57 | Build | Lumber Camp |
| 22:01 | Create | Villager (Male) |
| 22:02 | Create | Villager (Male) |
| 22:02 | Create | Villager (Male) |
| 22:05 | Build | Farm |
Build order — tokmakbaba
First 150 of 184 actions detected
| 0:01 | Create | Villager (Male) |
| 0:02 | Build | House |
| 0:04 | Build | House |
| 0:12 | Create | Villager (Male) |
| 0:12 | Create | Villager (Male) |
| 0:12 | Create | Villager (Male) |
| 0:13 | Create | Villager (Male) |
| 1:21 | Create | Villager (Male) |
| 1:22 | Create | Villager (Male) |
| 1:52 | Create | Villager (Male) |
| 1:53 | Create | Villager (Male) |
| 1:54 | Build | Lumber Camp |
| 2:33 | Create | Villager (Male) |
| 2:34 | Create | Villager (Male) |
| 2:45 | Create | Villager (Male) |
| 2:45 | Create | Villager (Male) |
| 3:14 | Create | Villager (Male) |
| 3:43 | Create | Villager (Male) |
| 3:43 | Create | Villager (Male) |
| 3:46 | Create | Villager (Male) |
| 3:46 | Create | Villager (Male) |
| 3:52 | Build | House |
| 4:25 | Build | House |
| 4:27 | Create | Villager (Male) |
| 4:27 | Create | Villager (Male) |
| 4:27 | Create | Villager (Male) |
| 5:13 | Create | Villager (Male) |
| 5:24 | Create | Villager (Male) |
| 5:53 | Create | Villager (Male) |
| 5:58 | Build | Mill |
| 6:26 | Create | Villager (Male) |
| 6:45 | Create | Villager (Male) |
| 7:03 | Create | Villager (Male) |
| 7:50 | Build | House |
| 7:58 | Create | Villager (Male) |
| 8:23 | Create | Villager (Male) |
| 8:27 | Research | Loom |
| 8:32 | Build | Palisade Wall |
| 8:51 | Research | Feudal Age |
| 9:07 | Build | Palisade Wall |
| 9:41 | Build | Mining Camp |
| 9:54 | Build | Palisade Wall |
| 10:05 | Create | Villager (Male) |
| 10:09 | Build | Palisade Wall |
| 10:10 | Build | Palisade Wall |
| 10:11 | Build | Palisade Wall |
| 10:29 | Build | Palisade Wall |
| 10:32 | Build | Palisade Wall |
| 10:42 | Create | Villager (Male) |
| 11:02 | Build | Palisade Wall |
| 11:04 | Build | Palisade Wall |
| 11:06 | Build | Palisade Wall |
| 11:24 | Age | Feudal Age |
| 11:31 | Build | Market |
| 11:33 | Build | Blacksmith |
| 11:35 | Build | Palisade Wall |
| 12:32 | Research | Castle Age |
| 12:32 | Research | Castle Age |
| 12:53 | Build | Stone Wall |
| 13:01 | Build | Stone Wall |
| 13:03 | Create | Villager (Male) |
| 13:08 | Research | Double-Bit Axe |
| 13:10 | Research | Horse Collar |
| 13:10 | Research | Horse Collar |
| 13:18 | Build | Stone Wall |
| 13:19 | Build | Stone Wall |
| 13:26 | Build | Farm |
| 13:27 | Build | Farm |
| 13:50 | Build | Stone Wall |
| 13:59 | Build | Mining Camp |
| 14:17 | Build | Stone Wall |
| 14:29 | Create | Villager (Male) |
| 14:35 | Build | Stone Wall |
| 14:41 | Build | Stone Wall |
| 14:44 | Build | Stone Wall |
| 14:50 | Build | Farm |
| 14:53 | Build | Farm |
| 15:12 | Age | Castle Age |
| 15:17 | Build | Stone Wall |
| 15:23 | Build | Town Center |
| 15:50 | Create | Villager (Male) |
| 16:14 | Create | Villager (Male) |
| 16:18 | Build | Stone Wall |
| 16:18 | Build | Stone Wall |
| 16:20 | Build | Stone Wall |
| 16:32 | Create | Villager (Male) |
| 16:32 | Create | Villager (Male) |
| 16:40 | Research | Bow Saw |
| 16:47 | Build | Town Center |
| 16:56 | Build | Farm |
| 16:58 | Create | Villager (Male) |
| 16:59 | Create | Villager (Male) |
| 17:07 | Build | Gate |
| 17:30 | Build | House |
| 17:35 | Build | House |
| 17:37 | Create | Villager (Male) |
| 17:41 | Build | Farm |
| 17:53 | Build | Farm |
| 17:53 | Build | Farm |
| 17:54 | Build | Farm |
| 17:54 | Build | Farm |
| 17:54 | Build | Farm |
| 17:54 | Build | Farm |
| 18:08 | Build | Farm |
| 18:09 | Create | Villager (Male) |
| 18:13 | Build | Farm |
| 18:30 | Build | House |
| 18:31 | Build | House |
| 18:32 | Create | Villager (Male) |
| 18:32 | Create | Villager (Male) |
| 18:36 | Build | Stone Wall |
| 18:38 | Build | Stone Wall |
| 18:45 | Build | Stone Wall |
| 18:49 | Create | Villager (Male) |
| 18:49 | Create | Villager (Male) |
| 18:53 | Build | Farm |
| 18:54 | Build | Farm |
| 18:54 | Build | Farm |
| 19:03 | Create | Villager (Male) |
| 19:03 | Create | Villager (Male) |
| 19:08 | Build | Farm |
| 19:09 | Build | Farm |
| 19:10 | Create | Villager (Male) |
| 19:19 | Build | Farm |
| 19:22 | Create | Villager (Male) |
| 19:22 | Create | Villager (Male) |
| 19:26 | Build | House |
| 19:27 | Build | House |
| 19:28 | Build | House |
| 19:28 | Build | House |
| 19:33 | Build | Farm |
| 19:34 | Create | Villager (Male) |
| 19:34 | Create | Villager (Male) |
| 19:40 | Build | Stone Wall |
| 19:41 | Build | Stone Wall |
| 19:42 | Build | Stone Wall |
| 19:42 | Build | Stone Wall |
| 19:44 | Create | Villager (Male) |
| 19:44 | Create | Villager (Male) |
| 19:53 | Build | Stone Wall |
| 19:55 | Create | Villager (Male) |
| 19:55 | Create | Villager (Male) |
| 20:09 | Create | Villager (Male) |
| 20:10 | Create | Villager (Male) |
| 20:10 | Create | Villager (Male) |
| 20:11 | Build | Farm |
| 20:26 | Build | Farm |
| 20:28 | Build | Farm |
| 20:30 | Build | House |
| 20:31 | Build | House |
Match timeline
| 5:27 | Mhey · wall_segment Palisade Wall x3 |
| 7:25 | Mau5 · first_building Dock |
| 7:50 | d · first_building Barracks |
| 7:51 | 虎蹲压制大脑喷气代替思考敌人不倒我倒 · first_building Barracks |
| 7:56 | murkbey · wall_segment Palisade Wall x2 |
| 7:57 | murkbey · wall_segment Palisade Wall x1 |
| 8:27 | d · age_up feudal |
| 8:32 | tokmakbaba · wall_segment Palisade Wall x4 |
| 8:34 | murkbey · first_building Barracks |
| 8:44 | Mau5 · first_building Barracks |
| 8:50 | d · first_building Stable |
| 8:51 | Mau5 · age_up feudal |
| 9:04 | Mhey · first_building Barracks |
| 9:04 | 虎蹲压制大脑喷气代替思考敌人不倒我倒 · age_up feudal |
| 9:07 | 虎蹲压制大脑喷气代替思考敌人不倒我倒 · first_building Stable |
| 9:07 | tokmakbaba · wall_segment Palisade Wall x7 |
| 9:43 | murkbey · wall_segment Palisade Wall x1 |
| 9:45 | murkbey · wall_segment Palisade Wall x1 |
| 9:48 | Mau5 · first_building Stable |
| 9:49 | d · wall_segment Palisade Wall x8 |
| 9:54 | tokmakbaba · wall_segment Palisade Wall x8 |
| 9:55 | murkbey · wall_segment Palisade Wall x1 |
| 10:09 | tokmakbaba · wall_segment Palisade Wall x1 |
| 10:10 | tokmakbaba · wall_segment Palisade Wall x1 |
| 10:11 | tokmakbaba · wall_segment Palisade Wall x4 |
| 10:29 | tokmakbaba · wall_segment Palisade Wall x6 |
| 10:31 | Evan · age_up feudal |
| 10:32 | tokmakbaba · wall_segment Palisade Wall x1 |
| 10:34 | murkbey · age_up feudal |
| 10:37 | ChauNg · age_up feudal |
| 10:39 | ChauNg · wall_segment Palisade Wall x1 |
| 10:42 | murkbey · first_building Archery Range |
| 10:45 | ChauNg · first_building Barracks |
| 10:47 | ChauNg · wall_segment Palisade Wall x1 |
| 10:57 | ChauNg · wall_segment Palisade Wall x1 |
| 10:58 | ChauNg · wall_segment Palisade Wall x1 |
| 11:00 | ChauNg · wall_segment Palisade Wall x1 |
| 11:01 | ChauNg · wall_segment Palisade Wall x1 |
| 11:02 | tokmakbaba · wall_segment Palisade Wall x1 |
| 11:04 | tokmakbaba · wall_segment Palisade Wall x1 |
| 11:06 | tokmakbaba · wall_segment Palisade Wall x2 |
| 11:07 | murkbey · wall_segment Palisade Wall x4 |
| 11:11 | murkbey · wall_segment Palisade Wall x1 |
| 11:11 | murkbey · wall_segment Palisade Wall x1 |
| 11:15 | murkbey · wall_segment Palisade Wall x10 |
| 11:23 | Mhey · age_up feudal |
| 11:24 | tokmakbaba · age_up feudal |
| 11:30 | Mhey · first_building Archery Range |
| 11:32 | ChauNg · first_building Archery Range |
| 11:35 | tokmakbaba · wall_segment Palisade Wall x1 |
| 12:05 | murkbey · wall_segment Palisade Wall x4 |
| 12:53 | tokmakbaba · wall_segment Stone Wall x1 |
| 13:01 | tokmakbaba · wall_segment Stone Wall x18 |
| 13:18 | tokmakbaba · wall_segment Stone Wall x1 |
| 13:19 | tokmakbaba · wall_segment Stone Wall x1 |
| 13:43 | 虎蹲压制大脑喷气代替思考敌人不倒我倒 · wall_segment Palisade Wall x10 |
| 13:50 | tokmakbaba · wall_segment Stone Wall x1 |
| 13:57 | ChauNg · wall_segment Palisade Wall x1 |
| 14:12 | Mhey · wall_segment Palisade Wall x1 |
| 14:13 | Mhey · wall_segment Palisade Wall x1 |
| 14:17 | tokmakbaba · wall_segment Stone Wall x1 |
| 14:27 | Evan · wall_segment Palisade Wall x1 |
| 14:35 | tokmakbaba · wall_segment Stone Wall x1 |
| 14:41 | tokmakbaba · wall_segment Stone Wall x1 |
| 14:44 | tokmakbaba · wall_segment Stone Wall x1 |
| 14:51 | ChauNg · age_up castle |
| 14:56 | Evan · age_up castle |
| 14:59 | Evan · first_building Dock |
| 15:12 | tokmakbaba · age_up castle |
| 15:12 | Evan · wall_segment Palisade Wall x1 |
| 15:14 | Evan · wall_segment Palisade Wall x1 |
| 15:15 | Evan · wall_segment Palisade Wall x1 |
| 15:17 | tokmakbaba · wall_segment Stone Wall x1 |
| 15:21 | ChauNg · wall_segment Palisade Wall x3 |
| 15:29 | murkbey · age_up castle |
| 15:46 | ChauNg · wall_segment Palisade Wall x3 |
| 15:54 | ChauNg · wall_segment Palisade Wall x1 |
| 16:06 | Mhey · wall_segment Palisade Wall x5 |
| 16:11 | Mhey · wall_segment Palisade Wall x7 |
| 16:13 | Mhey · wall_segment Palisade Wall x2 |
| 16:15 | ChauNg · wall_segment Palisade Wall x1 |
| 16:16 | ChauNg · wall_segment Palisade Wall x1 |
| 16:18 | tokmakbaba · wall_segment Stone Wall x1 |
| 16:18 | tokmakbaba · wall_segment Stone Wall x1 |
| 16:20 | tokmakbaba · wall_segment Stone Wall x1 |
| 16:21 | ChauNg · wall_segment Palisade Wall x1 |
| 16:22 | ChauNg · wall_segment Palisade Wall x1 |
| 16:23 | ChauNg · wall_segment Palisade Wall x1 |
| 16:30 | Mau5 · wall_segment Palisade Wall x1 |
| 16:40 | ChauNg · wall_segment Palisade Wall x1 |
| 16:44 | ChauNg · wall_segment Palisade Wall x4 |
| 16:44 | murkbey · wall_segment Palisade Wall x1 |
| 16:45 | ChauNg · wall_segment Palisade Wall x4 |
| 17:07 | Evan · wall_segment Palisade Wall x1 |
| 17:16 | Mhey · wall_segment Palisade Wall x12 |
| 17:17 | murkbey · first_building Monastery |
| 17:36 | Mhey · first_market_buy 100 wood |
| 18:09 | Mhey · age_up castle |
| 18:17 | Mhey · wall_segment Palisade Wall x1 |
| 18:20 | Mhey · wall_segment Palisade Wall x1 |
| 18:36 | tokmakbaba · wall_segment Stone Wall x1 |
| 18:38 | tokmakbaba · wall_segment Stone Wall x1 |
| 18:40 | Mhey · wall_segment Palisade Wall x1 |
| 18:45 | tokmakbaba · wall_segment Stone Wall x1 |
| 18:50 | Mau5 · resign |
| 19:40 | tokmakbaba · wall_segment Stone Wall x1 |
| 19:41 | tokmakbaba · wall_segment Stone Wall x1 |
| 19:42 | tokmakbaba · wall_segment Stone Wall x1 |
| 19:42 | tokmakbaba · wall_segment Stone Wall x1 |
| 19:53 | tokmakbaba · wall_segment Stone Wall x6 |
| 19:57 | 虎蹲压制大脑喷气代替思考敌人不倒我倒 · age_up castle |
| 20:37 | tokmakbaba · wall_segment Stone Wall x1 |
| 20:39 | tokmakbaba · wall_segment Stone Wall x1 |
| 21:17 | murkbey · first_building Stable |
| 22:16 | d · age_up castle |
[ AI ANALYSIS · 1 CREDIT ]
What really happened in this match?
Wolo.gg analyzes every decision: build order, eco, micro, common mistakes by bracket. Personalized analysis on WhatsApp or Discord in 30 seconds.
Civ guide
Slavs
Perfil
Jugador #1369705